 Dungeon Sprint DCSS version 0.23.0-3-gf3c87f2 (webtiles) character file.

Game seed: 15629347544858901989

7016 nuthulu the Grappler (level 10, -2/118 HPs)
             Began as a Troll Berserker on Feb 21, 2019.
             Was a High Priest of Trog.
             Killed from afar by an orc sorcerer (33 damage)
             ... with a bolt of negative energy
             ... in the Dungeon (Sprint IX: "|||||||||||||||||||||||||||||").
             The game lasted 00:03:17 (743 turns).

nuthulu the Grappler (Troll Berserker)               Turns: 743, Time: 00:03:18

Health: -2/118     AC:  9    Str: 33    XL:     10   Next: 82%
Magic:  9/9        EV: 15    Int:  3    God:    Trog [*****.]
Gold:   175        SH:  0    Dex:  9    Spells: 9/9 levels left

rFire    . . .     SeeInvis .     - Unarmed
rCold    . . .     Gourm    +   (no shield)
rNeg     . . .     Faith    .   a - +0 animal skin
rPois    .         Spirit   .   t - +0 hat
rElec    .         Reflect  .   m - +0 cloak
rCorr    .         Harm     .   (gloves unavailable)
MR       ++...     NoTele   +   (boots unavailable)
Stlth    +.........             (no amulet)
HPRegen  1.69/turn              n - +3 ring of strength
MPRegen  0.11/turn              o - +2 ring of protection

@: regenerating, heavily drained
A: large, unfitting armour, claws 3, fast metabolism 3, gourmand, regeneration
1, shaggy fur 1, tough skin 3
a: Berserk, Trog's Hand, Brothers in Arms, Renounce Religion


You were in the Dungeon.
You worshipped Trog.
Trog was extremely pleased with you.
You were full.

You visited 1 branch You collected 175 gold pieces.

Inventory:

Armour
 a - a +0 animal skin (worn)
 m - a +0 cloak (worn)
 t - a +0 hat (worn)
Jewellery
 n - a +3 ring of strength (left claw)
 o - a +2 ring of protection (right claw)
Wands
 l - a wand of acid (10)
Scrolls
 h - 4 scrolls of blinking
 k - 4 scrolls of remove curse
 q - a scroll of fog
 r - 2 scrolls of enchant weapon
Potions
 c - 6 potions of curing
 d - 5 potions of heal wounds
 e - 2 potions of haste
 f - 4 potions of magic
 g - a potion of berserk rage
 i - a potion of might
 j - a potion of invisibility
 p - a potion of agility
Comestibles
 b - 15 rations
 s - a chunk of flesh


   Skills:
 + Level 12.8(11.4) Fighting
 + Level 12.9(11.4) Dodging
 + Level 14.9(13.4) Unarmed Combat


You had 9 spell levels left.
You didn't know any spells.
Your spell library was empty.

Dungeon Overview and Level Annotations

Branches:
Dungeon (1/1)

Altars:
Cheibriados
Dithmenos
Elyvilon
Fedhas
Gozag
Hepliaklqana
Kikubaaqudgha
Makhleb
Nemelex Xobeh
Okawaru
Qazlal
Ru
Sif Muna
Trog
Uskayaw
Vehumet
Wu Jian
Xom
Yredelemnul
Zin
The Shining One
Beogh
Jiyva
Lugonu


Innate Abilities, Weirdness & Mutations

You are too large for most types of armour.
You have claws for hands.
Your metabolism is lightning-fast.
You like to eat raw meat.
Your natural rate of healing is unusually fast.
You are covered in fur. (AC +1)
You have extremely tough skin. (AC +3)


Message History

You catch the helpless hellwing completely off-guard!
You eviscerate the hellwing!!!
The hellwing is severely wounded.
The hellwing completely misses you. The hellwing closely misses you.
Unknown command.
Unknown command.
Your iron troll goes berserk!
You feel quite a bit less full.
The ice devil disappears in a puff of smoke!
The orc sorcerer mumbles some strange words.
The hellwing barely misses you.
The hellwing hits you but does no damage.
You swap places.
The orc sorcerer casts a spell at you.
The bolt of negative energy hits the hellwing.
The hellwing completely resists.
The bolt of negative energy hits your iron troll!!
Your iron troll is drained!
The bolt of negative energy hits you!!
You feel drained.
You die...

....'________________________'.?|
▓▓▓▓▓▓▓▓▓▓▓▓▓▓▓▓▓▓▓▓▓▓▓▓▓▓▓▓▓▓▓▓▓
.................................
▓▓▓▓▓▓▓▓▓▓▓▓▓▓▓▓▓▓▓▓▓▓▓▓▓▓▓▓▓▓▓▓▓
.)}...).%÷.†....)..††....)...†.†.
▓▓▓▓▓▓▓▓▓▓▓▓▓▓▓▓▓▓▓▓▓▓▓▓▓▓▓▓▓▓▓▓▓
..............)).......†.........
▓▓▓▓▓▓▓▓▓▓▓▓▓▓▓▓▓▓▓▓▓▓▓▓▓▓▓▓▓▓▓▓▓
.'))).)((..).).)@T4o3oo..
▓▓▓▓▓▓▓▓▓▓▓▓▓▓▓▓▓▓▓▓▓▓▓▓▓


You could see a hellwing (petrifying), a ynoxinul, an orc sorcerer, 2 orc
warriors and a friendly iron troll (berserk).

Vanquished Creatures
  Gastronok (D)
  A harpy (shapeshifter) (D)
  An ugly thing (D)
  A komodo dragon (D)
  A hippogriff (D)
  Eustachio (D)
  A hungry ghost (D)
  A porcupine (D)
  4 orc warriors (D)
  A sky beast (D)
  A wolf (D)
  A crocodile (D)
  2 ogres (D)
  A big kobold (D)
  A howler monkey (D)
  A jelly (D)
  An orc priest (D)
  A worker ant (D)
  2 adders (D)
  An ooze (D)
  An adder skeleton (D)
  3 orcs (D)
  A giant cockroach (D)
  A goblin (D)
  A hobgoblin (D)
  A jackal zombie (D)
  2 rats (D)
35 creatures vanquished.

Vanquished Creatures (collateral kills)
  2 hydras (D)
  3 orc knights (D)
  3 spiny frogs (D)
  A hippogriff (D)
  2 basilisks (D)
  3 wargs (D)
  4 hell hounds (D)
  2 porcupines (D)
  A water moccasin (D)
  2 orc warriors (D)
  A wolf (D)
  A crocodile (D)
  A bullfrog (D)
  3 orc priests (D)
  7 orcs (D)
36 creatures vanquished.

Grand Total: 71 creatures vanquished

Notes
Turn   | Place    | Note
-------+----------+-------------------------------------------
     0 | D        | nuthulu the Troll Berserker began the quest for the Orb.
     0 | D        | Reached XP level 1. HP: 22/22 MP: 0/0
     9 | D        | Reached ** piety under Trog
    10 | D        | Reached XP level 2. HP: 30/31 MP: 1/1
    24 | D        | Reached *** piety under Trog
    25 | D        | Reached skill level 4 in Unarmed Combat
    29 | D        | Reached XP level 3. HP: 36/39 MP: 2/2
    53 | D        | Found a roughly hewn altar of Beogh.
    53 | D        | Found a snail-covered altar of Cheibriados.
    53 | D        | Found a shadowy altar of Dithmenos.
    53 | D        | Found a white marble altar of Elyvilon.
    53 | D        | Found a blossoming altar of Fedhas.
    53 | D        | Found an opulent altar of Gozag.
    54 | D        | Found a hazy altar of Hepliaklqana.
    55 | D        | Found a viscous altar of Jiyva.
    56 | D        | Found an ancient bone altar of Kikubaaqudgha.
    57 | D        | Found a corrupted altar of Lugonu.
    58 | D        | Found a burning altar of Makhleb.
    59 | D        | Found a sparkling altar of Nemelex Xobeh.
    60 | D        | Found an iron altar of Okawaru.
    61 | D        | Found a stormy altar of Qazlal.
    62 | D        | Found a sacrificial altar of Ru.
    63 | D        | Found a deep blue altar of Sif Muna.
    64 | D        | Found a bloodstained altar of Trog.
    65 | D        | Found a hide-covered altar of Uskayaw.
    66 | D        | Found a radiant altar of Vehumet.
    67 | D        | Found an ornate altar of the Wu Jian Council.
    68 | D        | Found a shimmering altar of Xom.
    69 | D        | Found a basalt altar of Yredelemnul.
    70 | D        | Found a glowing silver altar of Zin.
    71 | D        | Found a glowing golden altar of the Shining One.
   101 | D        | Noticed a sky beast
   101 | D        | Noticed a hungry ghost
   101 | D        | Noticed an ogre
   101 | D        | Noticed a big kobold
   109 | D        | Killed a sky beast
   109 | D        | Reached **** piety under Trog
   109 | D        | Reached skill level 5 in Fighting
   109 | D        | Reached skill level 5 in Dodging
   109 | D        | Reached skill level 6 in Unarmed Combat
   109 | D        | Reached XP level 4. HP: 50/50 MP: 3/3
   123 | D        | Killed a hungry ghost
   123 | D        | Reached skill level 7 in Unarmed Combat
   123 | D        | Reached XP level 5. HP: 54/61 MP: 4/4
   123 | D        | Reached XP level 6. HP: 61/68 MP: 5/5
   129 | D        | Reached skill level 8 in Unarmed Combat
   136 | D        | Reached ***** piety under Trog
   140 | D        | Received a gift from Trog
   140 | D        | Reached skill level 9 in Unarmed Combat
   159 | D        | Noticed a purple ugly thing
   159 | D        | Noticed a harpy
   166 | D        | Killed a purple ugly thing
   166 | D        | Reached skill level 10 in Unarmed Combat
   166 | D        | Reached XP level 7. HP: 51/81 MP: 6/6
   169 | D        | Killed a harpy
   169 | D        | Reached skill level 11 in Unarmed Combat
   169 | D        | Reached XP level 8. HP: 56/92 MP: 7/7
   334 | D        | Noticed a komodo dragon
   334 | D        | Noticed an eight-headed hydra
   334 | D        | Noticed a spiny frog
   339 | D        | Killed a komodo dragon
   342 | D        | Killed an eight-headed hydra
   342 | D        | Received a gift from Trog
   342 | D        | Reached skill level 10 in Fighting
   342 | D        | Reached skill level 10 in Dodging
   342 | D        | Reached XP level 9. HP: 65/101 MP: 8/8
   342 | D        | Reached skill level 12 in Unarmed Combat
   344 | D        | Killed a spiny frog
   401 | D        | Noticed a spiny frog
   401 | D        | Noticed a six-headed hydra
   407 | D        | Killed a six-headed hydra
   408 | D        | Noticed a spiny frog
   408 | D        | Killed a spiny frog
   408 | D        | Reached skill level 13 in Unarmed Combat
   410 | D        | Received a gift from Trog
   412 | D        | Killed a spiny frog
   435 | D        | Reached ****** piety under Trog
   435 | D        | Received a gift from Trog
   435 | D        | Reached XP level 10. HP: 101/114 MP: 9/9
   500 | D        | Noticed Gastronok
   513 | D        | Killed Gastronok
   513 | D        | Reached skill level 14 in Unarmed Combat
   598 | D        | Noticed Eustachio
   612 | D        | Killed Eustachio
   612 | D        | Received a gift from Trog
   672 | D        | Received a gift from Trog
   693 | D        | Noticed an orc knight
   693 | D        | Noticed an orc knight
   698 | D        | Noticed an orc knight
   702 | D        | Killed an orc knight
   704 | D        | Killed an orc knight
   704 | D        | Received a gift from Trog
   712 | D        | Killed an orc knight
   715 | D        | Noticed an orc sorcerer
   743 | D        | Killed from afar by an orc sorcerer

Skill      XL: |  1  2  3  4  5  6  7  8  9 10 |
---------------+-------------------------------+-----
Fighting       | 3 4 5 6 8 9 10 11 12 | 12.8
Dodging        | 3 4 5 6 8 9 10 11 12 | 12.9
Unarmed Combat | 4 6 7 10 11 13 14 | 14.9

Action                   |  1- 3 |  4- 6 |  7- 9 | 10-12 || total
-------------------------+-------+-------+-------+-------++-------
Melee: Unarmed           |    20 |    36 |    18 |    44 ||   118
       Punch             |       |     1 |     3 |     8 ||    12
Invok: Brothers in Arms  |       |       |     2 |     3 ||     5
       Trog's Hand       |       |       |       |     2 ||     2
 Stab: Petrifying        |       |       |       |     1 ||     1
  Eat: Chunk             |     6 |     4 |    10 |     2 ||    22
Armor: Animal skin       |     4 |    13 |    10 |     4 ||    31
Dodge: Dodged            |     6 |     9 |    13 |    14 ||    42
